 Dungeon Crawl Stone Soup version 0.21-a0-437-ge5bf024 (webtiles) character file.

277 Beatriz the Charmwright (level 6, 0/50 HPs)
             Began as a Gnoll Skald on Nov 9, 2017.
             Killed from afar by an orc wizard (9 damage)
             ... with a magic dart
             ... on level 4 of the Dungeon.
             The game lasted 00:04:29 (2544 turns).

Beatriz the Charmwright (Gnoll Skald)               Turns: 2544, Time: 00:04:29

Health: 0/50       AC:  5    Str: 15    XL:     6   Next: 26%
Magic:  11/13      EV: 14    Int: 17    God:
Gold:   157        SH:  0    Dex: 15    Spells: 11/15 levels left

rFire    . . .     SeeInvis .   a - +0 hand axe
rCold    . . .     Gourm    .   (no shield)
rNeg     . . .     Faith    .   b - +0 leather armour
rPois    .         Spirit   .   (no helmet)
rElec    .         Reflect  .   (no cloak)
rCorr    .         Harm     .   w - +1 pair of gloves
MR       .....                  (no boots)
Stlth    ++........             (no amulet)
HPRegen  0.16/turn              (no ring)
MPRegen  0.13/turn              (no ring)

@: very slightly contaminated, slowed, very slow
A: distributed training, fangs 1, clever 1, sense surroundings 1, no potion heal
1, strong nose
a: no special abilities


You were on level 4 of the Dungeon.
You were not hungry.

You visited 1 branch of the dungeon, and saw 4 of its levels.

You collected 157 gold pieces.

Inventory:

Hand Weapons
 a - a +0 hand axe (weapon)
Armour
 b - a +0 leather armour (worn)
 w - a +1 pair of gloves (worn)
Scrolls
 d - a scroll of fear {unknown}
 e - 4 scrolls of teleportation
 f - a scroll of recharging {unknown}
 i - 2 scrolls of amnesia {unknown}
 j - 2 scrolls of enchant armour {unknown}
 m - a scroll of immolation {unknown}
 n - 2 scrolls of remove curse {unknown}
 o - a scroll of enchant weapon {unknown}
 s - 2 scrolls of identify {unknown}
 u - a scroll of blinking {unknown}
 y - a scroll of magic mapping {unknown}
Potions
 g - a potion of ambrosia {unknown}
 h - a potion of agility {unknown}
 k - 2 potions of degeneration {unknown}
 l - a potion of mutation
 p - a potion of curing {unknown}
 t - a potion of brilliance {unknown}
 v - a potion of might {unknown}
Books
 c - a book of Battle

   Spells                             Type                      Level
   a - Infusion                       Charms                       1
   b - Shroud of Golubria             Charms/Translocation         2
   c - Song of Slaying                Charms                       2
   d - Spectral Weapon                Hexes/Charms                 3
   e - Regeneration                   Charms/Necromancy            3
Comestibles
 q - 3 bread rations
 r - a meat ration
 x - 3 fruits
 z - 3 chunks of flesh


   Skills:
 + Level 4.9 Fighting
 + Level 1.8 Short Blades
 + Level 1.8 Long Blades
 + Level 4.9 Axes
 + Level 1.8 Maces & Flails
 + Level 1.8 Polearms
 + Level 1.8 Staves
 + Level 1.8 Slings
 + Level 1.8 Bows
 + Level 1.8 Crossbows
 + Level 1.8 Throwing
 + Level 3.1 Armour
 + Level 4.9 Dodging
 + Level 1.8 Stealth
 + Level 1.8 Shields
 + Level 1.8 Unarmed Combat
 + Level 5.3 Spellcasting
 + Level 1.4 Conjurations
 + Level 1.4 Hexes
 + Level 5.6 Charms
 + Level 1.4 Summonings
 + Level 1.4 Necromancy
 + Level 1.4 Translocations
 + Level 1.4 Transmutations
 + Level 1.4 Fire Magic
 + Level 1.4 Ice Magic
 + Level 1.4 Air Magic
 + Level 1.4 Earth Magic
 + Level 1.4 Poison Magic
 + Level 2.0 Invocations
 + Level 1.8 Evocations


You had 11 spell levels left.
You knew the following spells:

 Your Spells              Type           Power        Failure   Level  Hunger
a - Infusion              Chrm           ###.         1%          1    None
b - Regeneration          Chrm/Necr      ###.......   12%         3    ##.....


Dungeon Overview and Level Annotations

Branches:
Dungeon (4/15)
 Temple: D:4-7

Altars:
Sif Muna
Zin
The Shining One


Innate Abilities, Weirdness & Mutations

Your experience applies equally to all skills.
You have very sharp teeth.
Your uncanny sense of smell can sniff out nearby items.
Your mind is acute. (Int +2)
You passively map a small area around you.
Potions are less effective at restoring your health.


Message History

The orc wizard blinks!
The orc wizard gestures at you while chanting.
The magic dart hits you!
* * * LOW HITPOINT WARNING * * *
The phantom hits you but does no damage.
You miss the phantom. You bite the phantom.
The phantom is moderately damaged.
The phantom closely misses you.
It was a potion of mutation.
You feel extremely strange.
You feel clever.
Your system partially rejects the healing effects of potions.
You feel a strange attunement to the structure of the dungeons.
The leopard gecko barely misses you. The phantom completely misses you.
The leopard gecko bites you but does no damage.
The phantom blinks!
The orc wizard mumbles some strange words.
The orc wizard blinks!
The leopard gecko barely misses you.
The orc wizard points at you and mumbles some strange words.
The magic dart hits you!
You die...

......# #. , # #...##
#....# ∆ #....##
#..#..#∆
#.....###..#..####
#..#......#o.....* .# ,
##...............###.##
,
##.......##............#
..##......#.#*#.§...#**
.####.##...# #.@..# * ,
## #)##...####.l..# , #
#..##.........## #
#.............# * #
#...(....####W# , .
,....#<.....# #..# **, ,
.. ###.#............# ,
.##* #................ ,
.. ,,..$...............,
, *


You could see a phantom, an orc wizard and a leopard gecko.

Vanquished Creatures
  Menkaure (D:4)
  A hound (D:4)
  A worker ant (D:4)
  2 adders (D:3)
  An ooze (D:1)
  2 worms
  A leopard gecko (D:3)
  3 orcs (D:3)
  A ball python (D:4)
  4 bats
  11 giant cockroaches
  9 goblins
  9 hobgoblins
  3 jackals (D:3)
  A quokka (D:3)
  3 frilled lizards
  8 kobolds
  6 rats
67 creatures vanquished.

Notes
Turn   | Place    | Note
-------+----------+-------------------------------------------
     0 | D:1      | Beatriz the Gnoll Skald began the quest for the Orb.
     0 | D:1      | Reached XP level 1. HP: 20/20 MP: 6/6
   232 | D:1      | Reached XP level 2. HP: 7/26 MP: 7/7
   922 | D:1      | Reached XP level 3. HP: 31/31 MP: 9/9
   927 | D:1      | Learned a level 3 spell: Regeneration
  1184 | D:2      | Reached skill level 5 in Spellcasting
  1251 | D:2      | Found a faded altar of an unknown god.
  1323 | D:2      | Reached skill level 1 in Invocations
  1342 | D:2      | Found a deep blue altar of Sif Muna.
  1503 | D:2      | Reached skill level 1 in Short Blades
  1503 | D:2      | Reached skill level 1 in Long Blades
  1503 | D:2      | Reached skill level 1 in Maces & Flails
  1503 | D:2      | Reached skill level 1 in Polearms
  1503 | D:2      | Reached skill level 1 in Staves
  1503 | D:2      | Reached skill level 1 in Slings
  1503 | D:2      | Reached skill level 1 in Bows
  1503 | D:2      | Reached skill level 1 in Crossbows
  1503 | D:2      | Reached skill level 1 in Throwing
  1503 | D:2      | Reached skill level 1 in Stealth
  1503 | D:2      | Reached skill level 1 in Shields
  1503 | D:2      | Reached skill level 1 in Unarmed Combat
  1503 | D:2      | Reached skill level 1 in Evocations
  1564 | D:2      | Reached XP level 4. HP: 32/38 MP: 11/11
  1942 | D:3      | Reached skill level 1 in Conjurations
  1942 | D:3      | Reached skill level 1 in Hexes
  1942 | D:3      | Reached skill level 1 in Summonings
  1942 | D:3      | Reached skill level 1 in Necromancy
  1942 | D:3      | Reached skill level 1 in Translocations
  1942 | D:3      | Reached skill level 1 in Transmutations
  1942 | D:3      | Reached skill level 1 in Fire Magic
  1942 | D:3      | Reached skill level 1 in Ice Magic
  1942 | D:3      | Reached skill level 1 in Air Magic
  1942 | D:3      | Reached skill level 1 in Earth Magic
  1942 | D:3      | Reached skill level 1 in Poison Magic
  1985 | D:3      | Found a glowing golden altar of the Shining One.
  2177 | D:4      | Found a glowing silver altar of Zin.
  2178 | D:4      | Noticed Menkaure
  2190 | D:4      | Killed Menkaure
  2190 | D:4      | Reached XP level 5. HP: 33/43 MP: 5/12
  2324 | D:4      | Reached XP level 6. HP: 26/50 MP: 13/13
  2519 | D:4      | Noticed a phantom
  2543 | D:4      | Gained mutation: Your mind is acute. (Int +2) [potion of mutation]
  2543 | D:4      | Gained mutation: Potions are less effective at restoring your health. [potion of mutation]
  2543 | D:4      | Gained mutation: You passively map a small area around you. [potion of mutation]
  2544 | D:4      | Killed from afar by an orc wizard

Vault maps used:
D:1:      lemuel_arrival_broad_hall, minmay_misc_feat_encased,
          kennysheep_flooded_box, patterned_corridor
D:2:      minmay_roachtagon, chequers_ecumenical_altar_simple, led_sif_pool
D:3:      tso_metal_star
D:4:      lemuel_round_altar, minmay_ogre_servants, uniq_menkaure, uniq_ijyb,
          uniq_blork_the_orc

Skill      XL: |  1  2  3  4  5 |
---------------+----------------+-----
Spellcasting   | 5 |  5.3
Invocations    | 1 2 |  2.0
Short Blades   | 1 |  1.8
Long Blades    | 1 |  1.8
Maces & Flails | 1 |  1.8
Polearms       | 1 |  1.8
Staves         | 1 |  1.8
Slings         | 1 |  1.8
Bows           | 1 |  1.8
Crossbows      | 1 |  1.8
Throwing       | 1 |  1.8
Stealth        | 1 |  1.8
Shields        | 1 |  1.8
Unarmed Combat | 1 |  1.8
Evocations     | 1 |  1.8
Conjurations   | 1 |  1.4
Hexes          | 1 |  1.4
Summonings     | 1 |  1.4
Necromancy     | 1 |  1.4
Translocations | 1 |  1.4
Transmutations | 1 |  1.4
Fire Magic     | 1 |  1.4
Ice Magic      | 1 |  1.4
Air Magic      | 1 |  1.4
Earth Magic    | 1 |  1.4
Poison Magic   | 1 |  1.4
Armour         | 3 |  3.1
Fighting       | |  4.9
Axes           | |  4.9
Dodging        | |  4.9
Charms         | |  5.6

Action                   |  1- 3 |  4- 6 || total
-------------------------+-------+-------++-------
Melee: Hand axe          |   137 |   116 ||   253
       Bite              |    17 |    15 ||    32
 Cast: Regeneration      |     3 |     2 ||     5
       Infusion          |     1 |     3 ||     4
  Use: Potion            |       |     2 ||     2
       Scroll            |       |     1 ||     1
 Stab: Sleeping          |     2 |     2 ||     4
  Eat: Meat ration       |     1 |       ||     1
       Bread ration      |     1 |       ||     1
Armor: Leather armour    |    29 |    28 ||    57
Dodge: Dodged            |    99 |   100 ||   199

Table legend:
 A = Spawn XP
 B = Non-spawn XP
 C = Spawn XP percentage of total XP
 D = Spawn monster count
 E = Non-spawn monster count
 F = Spawn count percentage of total count
 G = Total turns spent on level
                    A         B        C        D         E        F      G
               +---------+---------+-------+---------+---------+-------+---------
         Total |       0 |     397 |   0.0 |       0 |      67 |   0.0 |  2544
               +---------+---------+-------+---------+---------+-------+---------
           D:1 |       0 |      36 |   0.0 |       0 |      18 |   0.0 |  1177
           D:2 |       0 |      46 |   0.0 |       0 |      26 |   0.0 |   490
           D:3 |       0 |      59 |   0.0 |       0 |      17 |   0.0 |   476
           D:4 |       0 |     256 |   0.0 |       0 |       6 |   0.0 |   401
               +---------+---------+-------+---------+---------+-------+---------
